 Dungeon Crawl Stone Soup version 0.16.1-51-g6203257 (webtiles) character file.

75 tognito the Skirmisher (level 4, -3/41 HPs)
             Began as a Minotaur Berserker on Aug 2, 2015.
             Was a Believer of Trog.
             Killed from afar by Sigmund (9 damage)
             ... with a puff of flame
             ... on level 2 of the Dungeon.
             The game lasted 00:03:27 (1405 turns).

tognito the Skirmisher (Minotaur Berserker)         Turns: 1405, Time: 00:03:27

Health: -3/41      AC: 10    Str: 22    XL:     4   Next: 11%
Magic:  2/2        EV:  8    Int:  4    God:    Trog [**....]
Gold:   54         SH:  0    Dex: 10    Spells: 0 memorised, 3 levels left

rFire  . . .     SeeInvis .     a - +0 hand axe
rCold  . . .     Clarity  .     p - +0 chain mail
rNeg   . . .     SustAb   .     (no shield)
rPois  .         Gourm    .     (helmet restricted)
rElec  .         Spirit   .     e - +0 cloak
rCorr  .         Warding  .     (no gloves)
rMut   .         Stasis   .     (no boots)
MR     .....                    (no amulet)
Stlth  ..........               (no ring)
                                (no ring)

@: not resistant to hostile enchantments, extremely unstealthy
A: retaliatory headbutt, horns 2
a: Burn Spellbooks, Berserk, Trog's Hand, Renounce Religion


You were on level 2 of the Dungeon.
You worshipped Trog.
Trog was pleased with you.
You were hungry.

You visited 1 branch of the dungeon, and saw 2 of its levels.

You collected 54 gold pieces.

Inventory:

Hand weapons
 a - a +0 hand axe (weapon)
Missiles
 g - 28 bolts
 m - 7 poisoned arrows
Armour
 b - a +0 animal skin
 d - a +0 ring mail
 e - a +0 cloak (worn)
 k - a +0 cloak
 p - a +0 chain mail (worn)
Magical devices
 q - a wand of slowing (23)
Scrolls
 i - a scroll of random uselessness {unknown}
 j - a scroll of recharging {unknown}
 l - a scroll of enchant weapon {unknown}
 n - a scroll of immolation {unknown}
Potions
 o - a potion of agility {unknown}
Comestibles
 c - a bread ration
 f - 3 beef jerkies
 h - 2 meat rations


   Skills:
 * Level 4.8 Fighting
 + Level 4.3 Axes
 + Level 2.9 Armour
 + Level 2.8 Dodging


You had 3 spell levels left.
You didn't know any spells.

Dungeon Overview and Level Annotations

Branches:
Dungeon (2/15)

Altars:
Elyvilon
Qazlal

Annotations:
D:2 Sigmund


Innate Abilities, Weirdness & Mutations

You reflexively headbutt those who attack you in melee.
You have a pair of horns on your head.


Message History

You are too confused!
You are too confused!
You are too confused!
You are too confused!
You bump into the rock wall.
Sigmund looks at you with fury. Sigmund hits you with a scythe.
You're too confused to move!
You bump into the rock wall.
Sigmund closely misses you. Sigmund hits you but does no damage.
You bump into the rock wall.
You feel less confused. Sigmund barely misses you.
Sigmund hits you with a scythe!
* * * LOW HITPOINT WARNING * * *
You hit Sigmund but do no damage.
Sigmund is heavily wounded.
Sigmund gestures at you while chanting. The puff of flame hits you!
You die...

.##........#.#
#.#..........#
............#.#
#.#.........##
.#####..####.###.###..._...#
#..# .#.....###.....#
#####..####.#.#.#.# #####.#
#......#..#.#.#.#.# #.#
#.####.#).# #...#.# #.# #.#
#)<..#.###.#.# #.#
###.#######.#..@@...# #.#
..........#.########### #.#
..........#....)......# #.#
########..#######...#.# #.#
#..#######.#.#.# #.#
#..........#.#.# #.#
#.##########.#.#####.# #>#
#.........# #.# #.#.#######


You could see Sigmund.

Vanquished Creatures
  2 adders (D:2)
  2 worms (D:2)
  A giant gecko (D:1)
  3 bats
  5 giant cockroaches
  3 hobgoblins (D:1)
  4 jackals (D:1)
  2 ball pythons
  4 giant newts
  9 goblins
  3 kobolds
  6 rats
44 creatures vanquished.

Notes
Turn   | Place    | Note
--------------------------------------------------------------
     0 | D:1      | tognito, the Minotaur Berserker, began the quest for the Orb.
     0 | D:1      | Reached XP level 1. HP: 19/19 MP: 1/1
   121 | D:1      | Reached skill level 4 in Fighting
   181 | D:1      | Reached XP level 2. HP: 27/27 MP: 1/1
   476 | D:1      | Acquired Trog's second power
   603 | D:1      | Reached XP level 3. HP: 34/34 MP: 2/2
  1335 | D:2      | Reached XP level 4. HP: 39/41 MP: 2/2
  1336 | D:2      | Found a white marble altar of Elyvilon.
  1338 | D:2      | Found a stormy altar of Qazlal.
  1384 | D:2      | Noticed Sigmund
  1405 | D:2      | Killed from afar by Sigmund

Action                   |  1- 3 |  4- 6 || total
-------------------------+-------+-------++-------
Melee: Hand axe          |    85 |    13 ||    98
  Use: Potion            |     1 |       ||     1
  Eat: Chunk             |     1 |       ||     1
